 Dungeon Crawl Stone Soup version 0.24.1-11-gbbbb2193e6 (webtiles) character file.

Game seed: 15365723236195933020, levelgen mode: deterministic

2249 Hugehornet the Changer (level 9, -12/63 HPs)
             Began as an Octopode Transmuter on May 10, 2020.
             Was a Follower of Cheibriados.
             Mangled by a troll (17 damage)
             ... on level 5 of the Dungeon.
             The game lasted 00:26:59 (10504 turns).

Hugehornet the Changer (Octopode Transmuter)       Turns: 10504, Time: 00:27:00

Health: -12/63     AC:  7    Str: 18    XL:     9   Next: 37%
Magic:  8/18       EV: 10    Int: 21    God:    Cheibriados [*.....]
Gold:   16         SH:  0    Dex: 15    Spells: 3/18 levels left

rFire    . . .     SeeInvis .     - Unarmed
rCold    + + +     Gourm    .   (shield currently unavailable)
rNeg     . . .     Faith    .   (helmet currently unavailable)
rPois    +         Spirit   .   (no amulet)
rElec    .         Reflect  .   b - ring of stealth
rCorr    .         Harm     .   x - ring of protection from fire
MR       .....                  (no ring)
Stlth    +++.......             (no ring)
HPRegen  0.20/turn              (no ring)
MPRegen  0.16/turn              (no ring)
                                (no ring)
                                (no ring)

@: mighty, ice-form, very slow
A: large, almost no armour, stealthy swim, amphibious, 8 rings, (constrict 8),
blurry vision 1, high mp 1
a: End Transformation, Bend Time, Renounce Religion


You were on level 5 of the Dungeon.
You worshipped Cheibriados.
Cheibriados was aware of your devotion.
You were very hungry.
You were a creature of crystalline ice.
You visited 2 branches of the dungeon, and saw 8 of its levels.

You collected 366 gold pieces.
You spent 350 gold pieces at shops.

Inventory:

Missiles
 a - 80 arrows
Armour
 e - a +1 hat (melded)
Jewellery
 b - a ring of stealth (left front paw)
 x - a ring of protection from fire (right front paw)
Wands
 r - a wand of clouds (5)
 w - a wand of scattershot (2)
Scrolls
 i - 5 scrolls of teleportation
 o - a scroll of remove curse
 p - 4 scrolls of enchant armour {unknown}
 q - a scroll of fog {unknown}
 s - 2 scrolls of enchant weapon {unknown}
 u - 2 scrolls of fear {unknown}
 v - a scroll of blinking {unknown}
Potions
 f - a potion of haste
 g - a potion of agility
 h - a potion of brilliance {unknown}
 j - a potion of curing
 k - a potion of berserk rage {unknown}
 l - 2 potions of flight
 m - 2 potions of lignification
 n - a potion of might
 t - a potion of ambrosia {unknown}
Comestibles
 c - 12 rations


   Skills:
 - Level 1.0 Fighting
 - Level 2.0 Dodging
 + Level 5.7 Unarmed Combat
 + Level 5.2 Spellcasting
 * Level 7.1 Transmutations
 + Level 5.5 Ice Magic
 - Level 3.4 Poison Magic
 + Level 2.4 Invocations


You had 3 spell levels left.
You knew the following spells:

 Your Spells              Type           Power        Failure   Level  Hunger
a - Beastly Appendage     Tmut           #####.       1%          1    None
b - Sticks to Snakes      Tmut           #####...     1%          2    None
c - Spider Form           Tmut/Pois      ####......   3%          3    ##.....
d - Ice Form              Ice/Tmut       ####....     8%          4    ####...
e - Blade Hands           Tmut           #####.....   16%         5    #####..

Your spell library contained the following spells:

 Spells                   Type           Power        Failure   Level  Hunger
 Static Discharge         Conj/Air       #.......     32%         3    ##.....
 Lightning Bolt           Conj/Air       #.........   96%         5    #####..
 Ignition                 Fire           #.........   100%        8    #######
 Shatter                  Erth           #.........   100%        9    #######
 Tornado                  Air            #.........   100%        9    #######


Dungeon Overview and Level Annotations

Branches:
Dungeon (7/15)             Temple (1/1) D:5

Altars:
Ashenzari
Cheibriados
Dithmenos
Elyvilon
Fedhas
Gozag
Hepliaklqana
Kikubaaqudgha
Makhleb
Nemelex Xobeh
Okawaru
Qazlal
Ru
Sif Muna
Trog
Uskayaw
Vehumet
Wu Jian
Xom
Yredelemnul
Zin
The Shining One

Shops:
D:5 =

Annotations:
D:5 exclusions: door and troll
D:7 3 runed translucent doors, Bombadill's ghost, novice CeEE


Innate Abilities, Weirdness & Mutations

You cannot wear most types of armour.
You are very stealthy in the water. (Stealth+)
You are amphibious.
You can wear up to eight rings at the same time.
((You can use your tentacles to constrict eight enemies at once.))
((Your skin changes colour to match your surroundings (Stealth+).))
((Your rubbery body absorbs attacks. (AC +1, EV +1)))
Scrolls take you a little longer to read.
You have an increased reservoir of magic. (+10% MP)


Message History

Okay, then.
You feel better. The troll bites you but does no damage.
The troll completely misses you. The troll claws you!
* * * LOW HITPOINT WARNING * * *
It was a potion of might.
You feel very mighty all of a sudden. The troll bites you but does no damage.
The troll claws you.
* * * LOW HITPOINT WARNING * * *
The troll claws you but does no damage.
You feel better. The troll bites you but does no damage.
The troll closely misses you. The troll barely misses you.
You pummel the troll!! You freeze the troll!
The troll is almost dead.
The troll barely misses you. The troll claws you but does no damage.
The troll claws you!
* * * LOW HITPOINT WARNING * * *
You completely miss the troll.
The troll is almost dead.
The troll bites you!
You die...

#.#≈≈)≈..
#≈#>.###..###.......
#.#≈;(≈P.
#≈##......##........
#≈##≈....
#≈≈#...#...........#
##≈########
#.######.##.....#.#
##≈##;≈/P.
#..#.....###....._.
#≈#≈;)PP.
+#.#.###........#.#
#.#≈..... #.#........#.#...#
#.#≈≈≈.P. #T#........###..##
#.##≈.(≈. ##Y#..........#..#
##.########.##..........#..#
##≈≈≈≈....##...(...(......#
##########..............##
#...## ###.......#..###
#....###.#.....#.#...#
##....#.......##....##
##..........###...##
#....÷.........###


You could see a troll.

Vanquished Creatures
  Joseph (D:7)
  Grinder (D:6)
  An ice beast (D:7)
  2 sky beasts
  An ogre (D:4)
  A wyvern zombie (D:6)
  3 bullfrogs
  A water moccasin zombie (D:6)
  A howler monkey (D:4)
  A crimson imp (D:7)
  A centaur zombie (D:7)
  A hound (D:7)
  A jelly (D:6)
  Crazy Yiuf (D:3)
  6 orc wizards
  Terence (D:3)
  A centaur skeleton (D:6)
  An iguana (D:7)
  A bullfrog skeleton (D:7)
  6 worker ants
  2 hound skeletons
  10 adders
  6 gnolls
  2 shadow imps
  An ooze (D:1)
  An adder zombie (D:5)
  2 adder skeletons
  3 worms
  3 leopard geckos
  26 orcs
  7 giant cockroaches
  6 goblins
  10 hobgoblins
  12 jackals
  4 quokkas
  A ball python zombie (D:5)
  9 bats
  2 frilled lizards
  10 kobolds
  10 rats
160 creatures vanquished.

Vanquished Creatures (collateral kills)
  A phantom (D:4)
  A crimson imp (D:7)
  An orc wizard (D:5)
  3 orc priests
6 creatures vanquished.

Grand Total: 166 creatures vanquished

Notes
Turn   | Place    | Note
-------+----------+-------------------------------------------
     0 | D:1      | Hugehornet the Octopode Transmuter began the quest for the
                  | Orb.
     0 | D:1      | Reached XP level 1. HP: 13/13 MP: 3/3
   329 | D:1      | Reached XP level 2. HP: 18/18 MP: 3/5
   335 | D:1      | Learned a level 2 spell: Sticks to Snakes
   584 | D:1      | Reached skill level 3 in Transmutations
   587 | D:1      | Reached XP level 3. HP: 19/23 MP: 4/6
   592 | D:1      | Learned a level 3 spell: Spider Form
  1927 | D:2      | Reached skill level 1 in Poison Magic
  2040 | D:2      | Reached XP level 4. HP: 20/28 MP: 6/8
  3105 | D:3      | Noticed Terence
  3461 | D:3      | Reached XP level 5. HP: 23/33 MP: 9/9
  3467 | D:3      | Learned a level 4 spell: Ice Form
  3674 | D:3      | Killed Terence
  4155 | D:3      | Found a runed translucent door.
  4156 | D:3      | Noticed Crazy Yiuf
  4166 | D:3      | Killed Crazy Yiuf
  4259 | D:4      | Reached skill level 1 in Ice Magic
  4288 | D:4      | Noticed an ogre
  4328 | D:4      | Killed an ogre
  4328 | D:4      | Reached XP level 6. HP: 38/38 MP: 8/11
  4844 | D:4      | Noticed a phantom
  4913 | D:4      | Reached skill level 4 in Transmutations
  4933 | D:4      | Killed a phantom
  4933 | D:4      | Reached XP level 7. HP: 19/43 MP: 2/12
  5369 | D:4      | Found a hazy altar of Hepliaklqana.
  5369 | D:4      | Found a radiant altar of Vehumet.
  5722 | D:5      | Entered Level 5 of the Dungeon
  5916 | D:5      | Noticed a troll
  5996 | D:5      | Found a white marble altar of Elyvilon.
  6063 | D:5      | Found a staircase to the Ecumenical Temple.
  6075 | Temple   | Entered the Ecumenical Temple
  6508 | D:5      | Found Wuafoji's Jewellery Shoppe.
  7010 | D:6      | Reached skill level 5 in Transmutations
  7189 | D:6      | Reached XP level 8. HP: 48/48 MP: 11/14
  7249 | D:6      | Found a shadowy altar of Dithmenos.
  7515 | D:6      | Found a blossoming altar of Fedhas.
  7524 | D:6      | Found an ancient bone altar of Kikubaaqudgha.
  7524 | D:6      | Found a snail-covered altar of Cheibriados.
  7525 | D:6      | Found a shimmering blue altar of Sif Muna.
  7532 | D:6      | Became a worshipper of Cheibriados the Contemplative
  7901 | D:6      | Found a hide-covered altar of Uskayaw.
  8152 | D:6      | Noticed Grinder
  8422 | D:6      | Paralysed by Grinder for 7 turns
  8444 | D:6      | Killed Grinder
  8444 | D:6      | Reached skill level 5 in Unarmed Combat
  8444 | D:6      | Reached skill level 6 in Transmutations
  8692 | D:6      | Learned a level 5 spell: Blade Hands
  8807 | D:7      | Reached skill level 5 in Ice Magic
  8914 | D:7      | Noticed Joseph
  8940 | D:7      | Killed Joseph
  8940 | D:7      | Reached skill level 5 in Spellcasting
  8940 | D:7      | Reached skill level 1 in Invocations
  8940 | D:7      | Reached XP level 9. HP: 30/53 MP: 6/16
  9250 | D:7      | Reached * piety under Cheibriados
  9361 | D:7      | Gained mutation: You are agile. (Dex +2) [potion of
                  | mutation]
  9361 | D:7      | Gained mutation: Your system is resistant to poisons.
                  | (rPois) [potion of mutation]
  9362 | D:7      | Lost mutation: You are agile. (Dex +2) [potion of mutation]
  9362 | D:7      | Lost mutation: Your system is resistant to poisons. (rPois)
                  | [potion of mutation]
  9362 | D:7      | Gained mutation: Scrolls take you a little longer to read.
                  | [potion of mutation]
  9362 | D:7      | Gained mutation: You have an increased reservoir of magic.
                  | (+10% MP) [potion of mutation]
  9774 | D:7      | Found a runed translucent gate.
  9774 | D:7      | Found an opulent altar of Gozag.
  9774 | D:7      | Found a runed translucent gate.
  9775 | D:7      | Found a runed translucent gate.
  9775 | D:7      | Noticed a troll
  9775 | D:7      | Noticed Bombadill's ghost (novice CeEE)
  9798 | D:7      | Reached skill level 7 in Transmutations
 10392 | D:5      | Bought an uncursed ring of protection from fire for 350
                  | gold pieces
 10504 | D:5      | Mangled by a troll

Levels and vault maps discovered:
D:1:      saegor_arrival_simple_e, layout_loops_corners
D:2:      layout_basic, first_ration, minmay_ruptured
D:3:      layout_rooms, minmay_misc_feat_rows, chequers_serial_rivers_micro_a,
          uniq_crazy_yiuf_cottage, uniq_terence
D:4:      layout_loops_ring, amethyst_overflow_temple_binary
D:5:      cheibrodos_two_vegetables, layout_cave_pools, lemuel_crystal_altar,
          minmay_temple_entry_statues, serial_shops, nicolae_shop_crystal
D:6:      layout_loops_ring, grunt_dithmenos_smoke, lemuel_doored_altar,
          chequers_temple_overflow_statue_of_worship, uniq_grinder
D:7:      layout_basic, ebering_ghost_gozag, kennysheep_generic_room_16,
          uniq_joseph
Temple:   dshaligram_water_room_temple

Skill      XL: |  1  2  3  4  5  6  7  8  9 |
---------------+----------------------------+-----
Transmutations | 3 4 5 6 7 |  7.1
Poison Magic   | 1 2 3 |  3.4
Spellcasting   | 3 4 5 |  5.2
Ice Magic      | 1 2 3 5 |  5.5
Unarmed Combat | 4 5 |  5.7
Invocations    | 1 2 |  2.4
Fighting       | |  1.0
Dodging        | |  2.0

Action                   |  1- 3 |  4- 6 |  7- 9 || total
-------------------------+-------+-------+-------++-------
Melee: Unarmed           |   100 |   154 |   244 ||   498
       Constrict         |    22 |    36 |    36 ||    94
       Kick              |    21 |    36 |    54 ||   111
       Tentacles         |    12 |    23 |    37 ||    72
       Punch             |     1 |     3 |     6 ||    10
 Cast: Beastly Appendage |    28 |    31 |    39 ||    98
       Spider Form       |       |     3 |     7 ||    10
       Sticks to Snakes  |       |     7 |    36 ||    43
       Ice Form          |       |       |     7 ||     7
 Abil: End Transformatio |       |       |     3 ||     3
  Use: Scroll            |     1 |     3 |     5 ||     9
       Potion            |       |       |     9 ||     9
 Stab: Sleeping          |     7 |     9 |     6 ||    22
       Distracted        |       |       |     2 ||     2
  Eat: Chunk             |     4 |     6 |    14 ||    24
       Ration            |       |     1 |     1 ||     2
Armor: Skin              |    13 |    21 |    20 ||    54
Dodge: Dodged            |    68 |    73 |   146 ||   287
